 Dungeon Crawl Stone Soup version 0.28-a0-983-g1de4e0787c (webtiles) character file.

Game seed: 9817391643834699195

311 kae the Changer (level 6, -15/47 HPs)
             Began as a Draconian Transmuter on Dec 2, 2021.
             Demolished by an ogre (30 damage)
             ... on level 4 of the Dungeon.
             The game lasted 00:02:03 (3695 turns).

kae the Changer (Draconian Transmuter)              Turns: 3695, Time: 00:02:04

Health: -15/47     AC:  7    Str: 13    XL:     6   Next: 18%
Magic:  9/9        EV: 12    Int: 15    God:
Gold:   96         SH:  0    Dex: 11    Spells: 2/10 levels left

rFire   . . .      SeeInvis .     - Unarmed
rCold   . . .      Faith    .   (no shield)
rNeg    . . .      Spirit   .   (armour unavailable)
rPois   .          Reflect  .   (helmet currently unavailable)
rElec   .          Harm     .   (no cloak)
rCorr   .          Rampage  .   b - +0 pair of gloves
Will    .....                   (boots currently unavailable)
Stlth   +.........              (no amulet)
HPRegen 0.15/turn               (no ring)
MPRegen 0.11/turn               (no ring)

@: appendages
A: horns 2, talons 2, AC +6, unfitting armour, cold-blooded
a: End Transformation


You were on level 4 of the Dungeon.
You had temporarily grown beastly horns and talons.
You visited 1 branch of the dungeon, and saw 4 of its levels.

You collected 96 gold pieces.

Inventory:

Missiles
 e - a throwing net
Armour
 b - a +0 pair of gloves (worn)
Jewellery
 f - a ring of willpower
Scrolls
 c - 2 scrolls of teleportation
Potions
 d - a potion of haste
 g - a potion of mutation
 h - a potion of degeneration
 i - a potion of might {unknown}


   Skills:
 - Level 1.1 Fighting
 - Level 1.7 Dodging
 + Level 4.1 Unarmed Combat
 + Level 2.6 Spellcasting
 * Level 4.5 Transmutations
 * Level 2.0 Ice Magic
 - Level 2.0 Poison Magic


You had 2 spell levels left.
You knew the following spells:

 Your Spells              Type           Power      Damage    Failure   Level
a - Beastly Appendage     Tmut           30%        N/A       3%          1
b - Spider Form           Tmut/Pois      11%        N/A       16%         3
c - Ice Form              Ice/Tmut       11%        N/A       47%         4

Your spell library contained the following spells:

 Spells                   Type           Power      Damage    Failure   Level
 Wereblood                Tmut           15%        N/A       4%          2
 Sting                    Tmut/Pois      44%        1d5       5%          1
 Poisonous Vapours        Pois/Air       8%         N/A       22%         2
 Gell's Gravitas          Tloc           1%         N/A       54%         3
 Lesser Beckoning         Tloc           1%         N/A       54%         3
 Teleport Other           Tloc           1%         N/A       54%         3
 Olgreb's Toxic Radiance  Pois           7%         N/A       67%         4


Dungeon Overview and Level Annotations

Branches:
Dungeon (4/15)
 Temple: D:4-7

Altars:


Innate Abilities, Weirdness & Mutations

You have temporarily grown beastly horns and talons.
Your plain brown scales are hard. (AC +6)
You cannot fit into any form of body armour.
You are cold-blooded and may be slowed by cold attacks.


Message History

Found a ring mail.
You now have 96 gold pieces (gained 7).
A hobgoblin comes into view.
The hobgoblin shouts!
A hobgoblin is nearby!
A hobgoblin is nearby!
A hobgoblin is nearby!
An ogre comes into view. It is wielding a +0 giant spiked club.
You hit the hobgoblin.
You kill the hobgoblin!
Casting: Spider Form (dangerous; 16% risk of failure)
Confirm with . or Enter, or press ? or * to list all spells.
You grow a pair of large bovine horns.
Your feet morph into talons.
The ogre barely misses you.
You see here a hobgoblin corpse.
You punch the ogre! You tail-slap the ogre.
The ogre is moderately wounded.
The ogre hits you with a +0 giant spiked club!
An ogre is nearby!
You hit the ogre. You claw the ogre.
The ogre is severely wounded.
You hit the ogre.
The ogre is severely wounded.
The ogre barely misses you.
An ogre is nearby!
You barely miss the ogre.
The ogre is severely wounded.
The ogre hits you with a +0 giant spiked club!!
* * * LOW HITPOINT WARNING * * *
You are too injured to fight recklessly!
You are too injured to fight recklessly!
You are too injured to fight recklessly!
You hit the ogre but do no damage.
You tail-slap the ogre, but do no damage.
The ogre is severely wounded.
You barely miss the ogre.
The ogre is severely wounded.
The ogre hits you with a +0 giant spiked club!!
Ouch! That really hurt!
You die...

#. ### #. #.. ..# ##### #.#
#.# ##...#####.# #.#
##..#....##O####.########
#...#.....#@#>..........####
#.#####...#.#.#...#####.....
#...#..............# #..###
##..#.##.######...## #..#
#.......# ##.## #..###
###.##### #.# #..... #.###
#.# ##.### #...## ##'## #.#
# #.###.## ##...## #.###


You could see an ogre.

Vanquished Creatures
  Eustachio (D:4)
  A bullfrog skeleton (D:4)
  An orc wizard (D:3)
  3 adders
  3 worms
  4 dart slugs
  3 orcs (D:3)
  6 ball pythons
  7 endoplasms
  2 giant cockroaches
  7 goblins
  7 hobgoblins
  2 jackals (D:3)
  6 quokkas
  5 bats
  2 frilled lizards (D:1)
  4 kobolds
  3 rats
67 creatures vanquished.

Notes
Turn   | Place    | Note
-------+----------+-------------------------------------------
     0 | D:1      | kae the Draconian Transmuter began the quest for the Orb.
     0 | D:1      | Reached XP level 1. HP: 16/16 MP: 3/3
   297 | D:1      | Reached XP level 2. HP: 23/23 MP: 5/5
   440 | D:1      | Found a faded altar of an unknown god.
  1096 | D:1      | Reached XP level 3. HP: 24/28 MP: 4/6
  1259 | D:2      | Learned a level 3 spell: Spider Form
  1665 | D:2      | Reached skill level 1 in Poison Magic
  1906 | D:2      | Reached XP level 4. HP: 26/35 MP: 7/7
  2960 | D:3      | Reached XP level 5. HP: 37/40 MP: 6/8
  2965 | D:3      | Learned a level 4 spell: Ice Form
  3397 | D:4      | Noticed Eustachio
  3418 | D:4      | Killed Eustachio
  3419 | D:4      | Reached XP level 6. HP: 21/47 MP: 7/9
  3695 | D:4      | Demolished by an ogre

Illustrated notes

Levels and vault maps discovered:
D:1:      dpeg_arrival_court, layout_loops_corners,
          hellmonk_ecumenical_altar_heavens_door
D:2:      layout_basic, minmay_tetromino_s4
D:3:      layout_loops_ring, minivault_14
D:4:      kennysheep_six_static_rooms, layout_loops_corners, uniq_eustachio

Skill      XL: |  1  2  3  4  5 |
---------------+----------------+-----
Transmutations | 3 4 |  4.5
Poison Magic   | 1 2 |  2.0
Unarmed Combat | 4 |  4.1
Ice Magic      | 2 |  2.0
Fighting       | |  1.1
Dodging        | |  1.7
Spellcasting   | |  2.6

Action                   |  1- 3 |  4- 6 || total
-------------------------+-------+-------++-------
Melee: Unarmed           |   100 |   132 ||   232
       Tailslap          |    10 |    10 ||    20
       Kick              |    11 |     9 ||    20
       Headbutt          |     4 |     5 ||     9
       Punch             |     2 |       ||     2
 Cast: Beastly Appendage |    21 |    13 ||    34
       Spider Form       |     1 |     3 ||     4
  Use: Scroll            |     3 |     3 ||     6
 Stab: Sleeping          |     1 |     1 ||     2
Armor: Skin              |    27 |    40 ||    67
Dodge: Dodged            |    65 |    93 ||   158

Table legend: (Time is in decaauts)
 A = Elapsed time spent in this place.
 B = Non-inter-level travel time spent in this place.
 C = Inter-level travel time spent in this place.
 D = Time resting spent in this place.
 E = Time spent auto-exploring this place.
 F = Levels seen in this place.
 G = Mean time per level.
                   A        B        C        D        E       F      G
               +--------+--------+--------+--------+--------+-----+--------+
         Total |   3682 |   3636 |     46 |    256 |   2859 |   4 |  920.5 |
       Dungeon |   3682 |   3636 |     46 |    256 |   2859 |   4 |  920.5 |
               +--------+--------+--------+--------+--------+-----+--------+

Top non-repeatable levels by time:
     D:1: 1187 daAuts
     D:2: 1130 daAuts
     D:3: 897 daAuts
     D:4: 466 daAuts
